 Dungeon Crawl Stone Soup version 0.27-a0-1501-g9d6fb14e67 (webtiles) character file.

Game seed: 12959127977363431999

5931 BlueGoblin the Conjurer (level 10, -21/80 HPs)
             Began as a Pale Draconian Conjurer on July 8, 2021.
             Was a Priest of Qazlal.
             Shot with a bolt by a yaktaur captain (24 damage)
             ... on level 9 of the Dungeon.
             The game lasted 00:28:54 (10798 turns).

BlueGoblin the Conjurer (Pale Draconian Conjurer)  Turns: 10798, Time: 00:28:55

Health: -21/80     AC:  7    Str:  7    XL:     10   Next: 54%
Magic:  19/19      EV: 14    Int: 28    God:    Qazlal [***...]
Gold:   1314       SH:  9    Dex: 13    Spells: 14/21 levels left

rFire    . . .     SeeInvis +   l - +9 spear "Oveh Cao" {venom, +Blink rPois Str-3 Dex+4 SInv}
rCold    . . .     Faith    .   (no shield)
rNeg     . . .     Spirit   .   (armour unavailable)
rPois    +         Reflect  +   (helmet restricted)
rElec    .         Harm     .   (no cloak)
rCorr    .         Rampage  .   (no gloves)
Will     +....                  (no boots)
Stlth    ++........             h - amulet of reflection
HPRegen  0.23/turn              c - ring of willpower
MPRegen  0.16/turn              e - +6 ring of intelligence

@: no status effects
A: breathe steam, AC +7, unfitting armour, cold-blooded, steam resistance
a: Breathe Steam, Renounce Religion, Evoke Blink, Upheaval, Elemental Force


You were on level 9 of the Dungeon.
You worshipped Qazlal.
Qazlal was most pleased with you.
You visited 2 branches of the dungeon, and saw 10 of its levels.

You collected 1314 gold pieces.

Inventory:

Hand Weapons
 l - the +9 spear "Oveh Cao" (weapon) {venom, +Blink rPois Str-3 Dex+4 SInv}
   (You found it on level 5 of the Dungeon)

   It poisons the flesh of those it strikes.
   Str:       It affects your strength (-3).
   Dex:       It affects your dexterity (+4).
   rPois:     It protects you from poison.
   SInv:      It lets you see invisible.
   +Blink:    It lets you blink.
 q - the +10 short sword "Elanli" {venom, rN+}
   (You found it on level 7 of the Dungeon)

   It poisons the flesh of those it strikes.
   rN:        It protects you from negative energy.
Armour
 m - a +0 tower shield
Jewellery
 c - a ring of willpower (left hand)
 e - a +6 ring of intelligence (right hand)
 h - an amulet of reflection (around neck)
 j - a ring of willpower
 y - a ring of protection from fire
Wands
 a - a wand of flame (41)
 n - a wand of charming (18)
Scrolls
 d - a scroll of enchant armour
 f - 4 scrolls of teleportation
 p - 2 scrolls of magic mapping
 t - 2 scrolls of enchant weapon
 u - 2 scrolls of identify
Potions
 b - a potion of mutation {unknown}
 g - 2 potions of magic
 i - 2 potions of cancellation
 k - a potion of ambrosia {unknown}
 o - a potion of degeneration {unknown}
 r - a potion of invisibility {unknown}
 s - a potion of resistance {unknown}
 v - a potion of lignification {unknown}
 w - a potion of flight {unknown}
 x - 2 potions of haste {unknown}
 z - a potion of might {unknown}


   Skills:
 + Level 4.4 Fighting
 + Level 2.7 Short Blades
 + Level 5.6 Polearms
 + Level 5.6 Dodging
 * Level 6.7 Stealth
 + Level 3.5 Shields
 + Level 2.3 Unarmed Combat
 + Level 6.1 Spellcasting
 + Level 7.8 Conjurations
 + Level 0.2 Invocations
 + Level 3.1 Evocations


You had 14 spell levels left.
You knew the following spells:

 Your Spells              Type           Power      Damage    Failure   Level
a - Magic Dart            Conj           100%       1d8       1%          1
b - Searing Ray           Conj           100%       3d7       1%          2
c - Iskenderun's Mystic   Conj/Tloc      30%        2d8       12%         4

Your spell library contained the following spells:

 Spells                   Type           Power      Damage    Failure   Level
 Static Discharge         Conj/Air       30%        N/A       1%          2
 Dazzling Flash           Conj/Hex       60%        N/A       3%          3
 Mephitic Cloud           Conj/Pois/Air  23%        N/A       6%          3
 Slow                     Hex            8%         N/A       9%          2
 Fulminant Prism          Conj/Hex       15%        3d11      12%         4
 Sticky Flame             Conj/Fire      30%        2d5       12%         4
 Confusing Touch          Hex            8%         N/A       19%         3
 Ignite Poison            Fire/Tmut/Pois 8%         N/A       19%         3
 Vampiric Draining        Necr           4%         2d6       19%         3
 Bolt of Magma            Conj/Fire/Erth 11%        4d7       50%         5
 Dispel Undead            Necr           8%         3d8       52%         4


Dungeon Overview and Level Annotations

Branches:
Dungeon (9/15)             Temple (1/1) D:4             Orc (0/2) D:9
   Lair: D:8-11

Altars:
Ashenzari
Dithmenos
Elyvilon
Gozag
Kikubaaqudgha
Makhleb
Nemelex Xobeh
Okawaru
Qazlal
Ru
Sif Muna
Trog
Uskayaw
Xom
Yredelemnul
Zin
The Shining One

Shops:
D:3 **((


Innate Abilities, Weirdness & Mutations

You can breathe blasts of scalding, opaque steam.
Your pale cyan-grey scales are hard. (AC +7)
You cannot fit into any form of body armour.
You are cold-blooded and may be slowed by cold attacks.
You are immune to the effects of steam.


Message History

You hear a shout!
A yaktaur captain comes into view.
It is wielding a +1 hand axe of freezing.
You start resting.
A yaktaur captain is nearby!
Press: ? - help, Shift-Dir - straight line, f - yaktaur captain
Aim: a yaktaur captain, wielding a +1 hand axe of freezing and quivering bolts You exhale a blast of scalding steam.
The yaktaur captain is engulfed in a cloud of scalding steam.
The yaktaur captain unwields a +1 hand axe of freezing.
The yaktaur captain wields a +0 arbalest.
The yaktaur captain shoots a bolt.
You reflect the bolt off an invisible shield around you!
The bolt hits the yaktaur captain!!
The yaktaur captain shoots a bolt.
The bolt completely misses you.
There is a stone staircase leading up here.
The yaktaur captain shoots a bolt.
The bolt hits you!!
You climb upwards.
There is a stone staircase leading down here.
You start resting.
You have got your breath back.
You start resting.
Magic restored.
You start resting.
HP restored.
You climb downwards.
The yaktaur captain shoots a bolt.
The bolt hits you!!
There is a stone staircase leading up, spattered with blood here.
The yaktaur captain shoots a bolt.
You reflect the bolt off an invisible shield around you!
The bolt hits the yaktaur captain!
You climb upwards.
There is a stone staircase leading down here.
You start resting.
HP restored.
You climb downwards.
The yaktaur captain shoots a bolt.
The bolt hits you!!
The yaktaur captain shoots a bolt.
The bolt hits you!!!
Ouch! That really hurt!
* * * LOW HITPOINT WARNING * * *
There is a stone staircase leading up, spattered with blood here.
The yaktaur captain shoots a bolt.
The bolt hits you!!
You die...

.#..###.#..##.### #.#######.
##...##.#.......# #####.........
........#..##.#.# ##...........).
#..........##.#.# #...........)..
...........##.#§###..............
#..........##.#.c§...c...........
#...........#.#####.......>......
#........#..#.............(......
#........#..#...@°...............
######.###..#....................
#..##..#.##.#.#.............
##.##..#....#.####.........#
#..#..####.#.# .....
##.#.......#.# ... #...#######.#
.. ##..# #.# #.>#


You could see a yaktaur captain.

Vanquished Creatures
  A two-headed ogre (D:9)
  An ugly thing (D:9)
  A cyclops (D:9)
  A manticore (D:9)
  Joseph (D:7)
  Psyche (D:9)
  A troll (D:9)
  Sigmund (D:2)
  A shadow (D:8)
  A wyvern (D:9)
  2 steam dragons
  Menkaure (D:7)
  A warg (D:9)
  An acid dragon (D:8)
  A water moccasin (D:5)
  2 orc warriors (D:9)
  A hornet zombie (D:7)
  An ice beast (D:4)
  2 ogres (D:6)
  A necrophage (D:5)
  2 centaurs (D:8)
  A kobold brigand (D:9)
  3 bullfrogs
  A scorpion (D:5)
  10 killer bees (D:9)
  A water moccasin skeleton (D:4)
  2 howler monkeys
  2 bullfrog zombies
  2 centaur zombies
  6 orc priests
  A bullfrog skeleton (D:3)
  A hound (D:6)
  2 iguanas
  4 orc wizards
  Robin (D:2)
  4 gnolls
  3 adders
  A shadow imp (D:7)
  A white imp (D:6)
  3 ufetubi
  3 worms
  2 dart slugs (D:1)
  16 orcs
  5 ball pythons
  4 bats
  10 endoplasms
  5 giant cockroaches
  9 goblins
  12 hobgoblins
  6 jackals (D:1)
  2 quokkas
  11 frilled lizards
  8 kobolds
  4 rats
171 creatures vanquished.

Vanquished Creatures (others)
  5 plants (D:5)
5 creatures vanquished.

Grand Total: 176 creatures vanquished

Notes
Turn   | Place    | Note
-------+----------+-------------------------------------------
     0 | D:1      | BlueGoblin the Draconian Conjurer began the quest for the
                  | Orb.
     0 | D:1      | Reached XP level 1. HP: 14/14 MP: 3/3
   295 | D:1      | Reached XP level 2. HP: 16/20 MP: 0/5
   550 | D:1      | Learned a level 2 spell: Searing Ray
   703 | D:1      | Found a faded altar of an unknown god.
   957 | D:1      | Reached XP level 3. HP: 25/26 MP: 1/6
  1703 | D:2      | Found a stormy altar of Qazlal.
  1712 | D:2      | Became a worshipper of Qazlal Stormbringer
  1717 | D:2      | Reached skill level 1 in Short Blades
  1760 | D:2      | Noticed Robin
  1764 | D:2      | Killed Robin
  2349 | D:2      | Reached XP level 4. HP: 33/33 MP: 3/7
  2473 | D:2      | Identified a scroll of acquirement
  2474 | D:2      | Acquired 961 gold pieces
  2783 | D:2      | Noticed Sigmund
  2789 | D:2      | Killed Sigmund
  2790 | D:2      | Reached skill level 5 in Conjurations
  2790 | D:2      | Reached XP level 5. HP: 38/38 MP: 2/10
  3017 | D:3      | Reached * piety under Qazlal
  3072 | D:3      | Found Juank's Weapon Boutique.
  3101 | D:3      | Found an ancient bone altar of Kikubaaqudgha.
  3130 | D:3      | Found Naipu's Antique Weapon Shop.
  3144 | D:3      | Reached XP level 6. HP: 38/46 MP: 11/11
  3488 | D:3      | Found Ukosiher's General Store.
  3641 | D:3      | Found Etwaicao's Assorted Antiques.
  4255 | D:4      | You fall into a shaft and drop 1 floor!
  4255 | D:5      | Entered Level 5 of the Dungeon
  4256 | D:5      | Noticed an ice beast
  4289 | D:4      | Found a staircase to the Ecumenical Temple.
  4314 | D:4      | Killed an ice beast
  4679 | D:4      | Reached skill level 6 in Conjurations
  4679 | D:4      | Your scales start taking on a pale cyan-grey colour.
  4679 | D:4      | Reached XP level 7. HP: 40/51 MP: 1/13
  4679 | D:4      | Gained mutation: You are immune to the effects of steam.
                  | [Pale Draconian growth]
  4869 | Temple   | Entered the Ecumenical Temple
  5570 | D:5      | Identified the +9 spear "Oveh Cao" {venom, +Blink rPois
                  | Str-3 Dex+4 SInv}
  5637 | D:5      | Reached skill level 1 in Fighting
  5943 | D:5      | Reached ** piety under Qazlal
  6393 | D:6      | Reached skill level 1 in Evocations
  6414 | D:6      | Reached XP level 8. HP: 36/61 MP: 10/15
  6577 | D:6      | Reached skill level 1 in Polearms
  6804 | D:6      | Reached skill level 5 in Spellcasting
  7115 | D:6      | Identified the +0 robe of Xomaethro {rPois rC+}
  7455 | D:7      | Learned a level 4 spell: Iskenderun's Mystic Blast
  7602 | D:7      | Noticed Joseph
  7605 | D:7      | Identified the +10 short sword "Elanli" {venom, rN+}
  7801 | D:7      | Killed Joseph
  7802 | D:7      | Reached skill level 1 in Shields
  7802 | D:7      | Reached skill level 7 in Conjurations
  7850 | D:7      | Noticed Menkaure
  7862 | D:7      | Killed Menkaure
  8175 | D:7      | Reached XP level 9. HP: 63/69 MP: 11/17
  9482 | D:9      | Reached *** piety under Qazlal
  9483 | D:9      | Reached skill level 5 in Stealth
  9483 | D:9      | Found a staircase to the Orcish Mines.
 10217 | D:9      | Noticed Psyche
 10222 | D:9      | Killed Psyche
 10222 | D:9      | Noticed a troll
 10223 | D:9      | Reached skill level 5 in Dodging
 10223 | D:9      | Reached XP level 10. HP: 72/78 MP: 19/19
 10225 | D:9      | Noticed a cyclops
 10228 | D:9      | Noticed a green ugly thing
 10229 | D:9      | Noticed a manticore
 10230 | D:9      | Reached skill level 5 in Polearms
 10232 | D:9      | Noticed a two-headed ogre
 10239 | D:9      | Killed a cyclops
 10240 | D:9      | Reached skill level 1 in Unarmed Combat
 10250 | D:9      | Killed a two-headed ogre
 10407 | D:9      | Killed a green ugly thing
 10415 | D:9      | Killed a manticore
 10418 | D:9      | Noticed a yaktaur captain
 10797 | D:9      | HP: 3/80 [yaktaur captain/bolt (43)]
 10798 | D:9      | Shot with a bolt by a yaktaur captain

Illustrated notes

Levels and vault maps discovered:
D:1:      lightli_arrival_noodles, layout_basic,
          shapermc_ecumenical_altar_starsandcircs
D:2:      layout_loops_ring, basic_altar, uniq_sigmund, uniq_robin
D:3:      layout_loops_corners, mainiacjoe_overflow_paths,
          cheibrodos_sewer_entry_bend, serial_shops, nicolae_shop_stone, shop,
          shop, shop, minivault_14
D:4:      layout_rooms, minmay_temple_entry_crystal_x
D:5:      layout_rooms, minmay_misc_feat_rugged, minmay_lizard_king
D:6:      layout_gridville
D:7:      layout_loops_corners, uniq_joseph, uniq_menkaure
D:8:      layout_basic
D:9:      minmay_shrinking_squares, layout_basic, grunt_temple_overflow_open,
          david_orc_3, minmay_unpleasant_kobolds, uniq_psyche, uniq_maurice
Temple:   regret_index_temple_sphere_string

Skill      XL: |  1  2  3  4  5  6  7  8  9 10 |
---------------+-------------------------------+-----
Dodging        | 2 3 4 5 |  5.6
Short Blades   | 1 2 |  2.7
Stealth        | 2 3 4 6 |  6.7
Spellcasting   | 3 4 5 6 |  6.1
Conjurations   | 5 6 7 |  7.8
Fighting       | 2 3 4 |  4.4
Evocations     | 1 2 3 |  3.1
Polearms       | 2 4 5 |  5.6
Shields        | 1 2 3 |  3.5
Unarmed Combat | 2 |  2.3
Invocations    | |  0.2

Action                   |  1- 3 |  4- 6 |  7- 9 | 10-12 || total
-------------------------+-------+-------+-------+-------++-------
Melee: Unarmed           |    13 |       |     2 |    22 ||    37
       Tailslap          |     7 |     4 |     4 |       ||    15
       Short sword       |    36 |    23 |       |       ||    59
       Spear             |       |       |    86 |     2 ||    88
 Cast: Magic Dart        |    26 |       |     3 |       ||    29
       Searing Ray       |    22 |    31 |    34 |     4 ||    91
Invok: Upheaval          |       |       |     1 |       ||     1
 Abil: Breathe Steam     |       |       |    26 |     4 ||    30
       Evoke Blink       |       |       |     4 |       ||     4
  Use: Scroll            |     2 |     5 |     4 |     1 ||    12
 Stab: Confused          |       |       |       |     3 ||     3
Armor: Skin              |    21 |    26 |    43 |     2 ||    92
Dodge: Dodged            |    46 |    50 |    75 |    12 ||   183
Block: Other             |       |     4 |    42 |    11 ||    57
       Reflection        |       |       |     4 |     2 ||     6

Table legend: (Time is in decaauts)
 A = Elapsed time spent in this place.
 B = Non-inter-level travel time spent in this place.
 C = Inter-level travel time spent in this place.
 D = Time resting spent in this place.
 E = Time spent auto-exploring this place.
 F = Levels seen in this place.
 G = Mean time per level.
                   A        B        C        D        E       F      G
               +--------+--------+--------+--------+--------+-----+--------+
         Total |  10806 |  10258 |    548 |   2832 |   5921 |  10 | 1080.6 |
       Dungeon |  10599 |  10069 |    530 |   2832 |   5790 |   9 | 1177.7 |
        Temple |    206 |    188 |     18 |      0 |    131 |   1 |  206.0 |
               +--------+--------+--------+--------+--------+-----+--------+

Top non-repeatable levels by time:
     D:1: 1704 daAuts
     D:3: 1492 daAuts
     D:7: 1439 daAuts
     D:2: 1184 daAuts
     D:9: 1106 daAuts
     D:6: 1053 daAuts
     D:8: 970 daAuts
     D:4: 919 daAuts
     D:5: 728 daAuts
  Temple: 206 daAuts
